Carnivores vs Little Stars
Created - 30 novembre 2014 at 19:15
Goals
|
| Carnivores |
1 |
3 |
1 |
0 |
0 |
5 |
| Little Stars |
1 |
2 |
2 |
0 |
2 |
6 |
|
Shots
|
| Carnivores |
9 |
15 |
12 |
0 |
2 |
36 |
| Little Stars |
12 |
14 |
9 |
1 |
2 |
36 |
|
1st period
1. Little Stars , Hugh Jessiman 9 (Raphael Diaz, Jesse Joensuu) at 4:05 (PP)
2. Carnivores , Evgeny Grachev 11 (Bobby Sanguinetti, David Van Der Gulik) at 13:48
Penalties :
Lane MacDermid (Bre) for Hooking (Minor) at 3:05
2nd period
3. Carnivores , Billy Sweat 8 (David Van Der Gulik, Chris Butler) at 6:33
4. Little Stars , Matt Halischuk 11 (Chris Dingman, Clay Wilson) at 14:39
5. Little Stars , Hugh Jessiman 10 (Cameron Schilling, Jesse Joensuu) at 14:53
6. Carnivores , Anton Gustafsson 7 (Colton Orr) at 17:43
7. Carnivores , Tim Conboy 15 (Blake Geoffrion, Matt Cullen) at 17:58 (PP)
Penalties :
Keith Aulie (Bre) for Tripping (Minor) at 7:54, Raphael Diaz (Tex) for High sticking (Minor) at 17:50, Chris Dingman (Tex) for Hooking (Minor) at 18:43, Matt Cullen (Bre) for Hooking (Minor) at 19:54
3rd period
8. Little Stars , Ryan Vesce 20 (Corey Trivino) at 12:07
9. Little Stars , Jimmy Hayes 6 (Raphael Diaz, Cameron Schilling) at 13:30
10. Carnivores , David Van Der Gulik 9 (Keith Aulie, Blake Geoffrion) at 14:28
Penalties :
Evgeny Grachev (Bre) for Holding (Minor) at 3:39, Jesse Joensuu (Tex) for High sticking (Minor) at 6:40
Overtime #1
No Goal
Penalties :
No Penalty
Shootout
Penalty Shot by Matt Cullen for Carnivores - Shot Misses the Net
Penalty Shot by Chris Dingman for Little Stars - Goal!
Penalty Shot by Tim Conboy for Carnivores - Stopped by Erik Ersberg
Penalty Shot by Ryan Vesce for Little Stars - Goal!
Penalties :
No Penalty
Goalie Stats
Corey Crawford (Bre), 31 saves from 36 shots - (0,861), OTL, 6-4-1, 65:00 minutes
Erik Ersberg (Tex), 31 saves from 36 shots - (0,861), W, 15-5-3, 65:00 minutes
Players Stats for Carnivores
Player Name G A P +/- PIM S H SB GA TA FO MP PP MP PK MP
------------------------------------------------------------------------------------
Anton Gustafsson 1 0 1 0 0 2 4 1 1 0 3/4 14:22 0:00 1:12
Anton Lander 0 0 0 0 0 0 0 0 0 0 2/3 7:45 0:00 0:31
Billy Sweat 1 0 1 2 0 3 2 1 1 1 1/2 14:23 1:17 0:00
Blake Geoffrion 0 2 2 -2 0 1 1 0 0 0 0/2 18:23 1:49 0:00
Bobby Sanguinetti 0 1 1 -1 0 3 0 2 0 0 0/0 18:22 2:19 2:11
Chris Butler 0 1 1 1 0 0 1 1 0 1 0/0 10:35 0:00 0:00
Chris Lawrence 0 0 0 0 0 2 0 1 0 0 1/3 9:10 0:12 0:00
Colton Orr 0 1 1 0 0 2 1 1 0 1 0/0 15:40 0:12 1:14
David Schlemko 0 0 0 0 0 0 0 1 0 0 0/0 7:50 0:00 1:18
David Van Der Gulik 1 2 3 2 0 3 3 0 0 0 0/0 17:00 1:17 1:14
Evgeny Grachev 1 0 1 2 2 1 1 0 1 0 5/14 14:22 1:17 0:00
Jeremy Welsh 0 0 0 0 0 2 1 0 0 1 1/1 14:19 0:12 0:04
Jordie Benn 0 0 0 0 0 0 0 0 0 1 0/0 7:03 0:00 0:35
Keith Aulie 0 1 1 0 2 8 4 2 1 2 0/0 27:41 0:59 2:25
Lane MacDermid 0 0 0 0 2 0 0 0 0 0 0/0 8:50 0:00 1:17
Matt Cullen 0 1 1 -2 2 2 0 0 0 0 21/40 23:43 1:48 3:08
Oliver Ekman-Larsson 0 0 0 0 0 0 1 3 0 3 0/0 29:08 2:19 3:07
Patrick McNeill 0 0 0 1 0 1 0 0 0 0 0/0 9:15 0:00 0:00
Phil Oreskovic 0 0 0 -1 0 2 1 3 0 2 0/0 20:05 0:59 2:42
Tim Conboy 1 0 1 -2 0 4 1 4 5 1 1/1 25:03 1:49 3:38
Players Stats for Little Stars
Player Name G A P +/- PIM S H SB GA TA FO MP PP MP PK MP
------------------------------------------------------------------------------------
Alexander Vasyunov 0 0 0 1 0 2 0 0 0 0 2/2 11:56 0:00 1:17
Cameron Schilling 0 2 2 1 0 1 1 1 3 0 0/0 20:11 3:41 1:09
Carl Hagelin 0 0 0 0 0 3 0 0 0 0 1/4 12:59 0:22 0:20
Chris Dingman 0 1 1 0 2 3 2 1 1 1 3/6 22:55 3:05 1:06
Clay Wilson 0 1 1 1 0 3 0 2 1 3 0/0 27:41 0:24 2:09
Cody Bass 0 0 0 -1 0 2 0 1 0 0 5/13 14:39 2:59 0:00
Corey Trivino 0 1 1 0 0 0 1 0 0 0 3/7 10:01 0:00 0:00
Danny DeKeiser 0 0 0 0 0 0 0 0 0 0 0/0 0:00 0:00 0:00
Hugh Jessiman 2 0 2 -1 0 4 0 0 3 0 0/1 17:21 2:59 0:38
Jared Spurgeon 0 0 0 -2 0 0 0 1 0 0 0/0 13:02 0:00 0:00
Jesse Joensuu 0 2 2 -1 2 0 2 1 1 0 1/2 15:51 2:59 0:00
Jimmy Hayes 1 0 1 1 0 1 4 0 0 0 0/1 12:24 0:12 0:00
Landon Ferraro 0 0 0 1 0 2 2 1 0 0 2/3 10:52 0:00 0:40
Marcus Kruger 0 0 0 0 0 3 0 0 0 1 18/29 19:18 2:58 0:00
Mathieu Roy 0 0 0 1 0 3 1 3 2 1 0/0 29:45 2:28 2:09
Matt Halischuk 1 0 1 0 0 4 3 1 2 0 0/1 19:37 0:05 0:38
Matt Pelech 0 0 0 0 0 0 0 0 0 0 0/0 0:09 0:00 0:00
Raphael Diaz 0 2 2 1 2 3 2 0 0 0 0/0 22:12 3:41 1:09
Ryan Ellis 0 0 0 -2 0 0 1 1 0 1 0/0 16:59 2:04 0:00
Ryan Vesce 1 0 1 0 0 2 2 0 0 2 0/1 17:59 2:48 1:57
3 Stars
1 - David Van Der Gulik (Bre)
2 - Billy Sweat (Bre)
3 - Jimmy Hayes (Tex)
Power Play
Carnivores - 1 on 3 Attempt(s) - 33,33%
Little Stars - 1 on 4 Attempt(s) - 25,00%
Penalty Kill
Carnivores - 3 on 4 Attempt(s) - 75,00%
- Score 0 goal in Penalty Kill
Little Stars - 2 on 3 Attempt(s) - 66,67%
- Score 0 goal in Penalty Kill
Official
Referees : Ciamaga Chris and Leggo Mike
Linesman : Derek Amell and Shane Heyer
Game Notes
No Game Note
Finance
Level 1 -- Attendance: 1396 (69,80%) -- Ticket Income 48 860 $
Level 2 -- Attendance: 670 (67,00%) -- Ticket Income 10 050 $
Total Attendance: 2066 (68,87%)
Total Ticket Income: 58 910 $
Other Income: 2 946 $
Total Income: 61 856 $
Carnivores
5 vs 5 Forward
Center Left Wing Right Wing Time % Phy DF OF
1 Matt Cullen Blake Geoffrion Tim Conboy 40 1 2 2
2 Evgeny Grachev Billy Sweat David Van Der Gulik 30 1 2 2
3 Anton Gustafsson Jeremy Welsh Colton Orr 20 1 2 2
4 Anton Lander Lane MacDermid Chris Lawrence 10 1 2 2
5 vs 5 Defense
Defense Defense Time % Phy DF OF
1 Oliver Ekman-Larsson Keith Aulie 40 1 2 2
2 Bobby Sanguinetti Phil Oreskovic 30 1 2 2
3 Patrick McNeill Chris Butler 20 1 2 2
4 Jordie Benn David Schlemko 10 1 2 2
PowerPlay Forward
Center Left Wing Right Wing Time % Phy DF OF
1 Matt Cullen Blake Geoffrion Tim Conboy 60 1 2 2
2 Evgeny Grachev Billy Sweat David Van Der Gulik 40 1 2 2
PowerPlay Defense
Defense Defense Time % Phy DF OF
1 Oliver Ekman-Larsson Bobby Sanguinetti 60 1 2 2
2 Phil Oreskovic Keith Aulie 40 1 2 2
Penalty Kill 4 Players Forward
Center Wing Time % Phy DF OF
1 Matt Cullen Tim Conboy 60 1 2 2
2 David Van Der Gulik Colton Orr 40 1 2 2
Penalty Kill 4 Players Defense
Defense Defense Time % Phy DF OF
1 Oliver Ekman-Larsson Keith Aulie 60 1 2 2
2 Bobby Sanguinetti Phil Oreskovic 40 1 2 2
Penalty Kill - 3 Players Forward
Forward Time % Phy DF OF
1 Matt Cullen 60 1 2 2
2 Tim Conboy 40 1 2 2
Penalty Kill - 3 Players Defense
Defense Defense Time % Phy DF OF
1 Oliver Ekman-Larsson Keith Aulie 60 1 2 2
2 Bobby Sanguinetti Phil Oreskovic 40 1 2 2
4 vs 4 Forward
Center Wing Time % Phy DF OF
1 Matt Cullen Tim Conboy 60 1 2 2
2 David Van Der Gulik Colton Orr 40 1 2 2
4 vs 4 Defense
Defense Defense Time % Phy DF OF
1 Oliver Ekman-Larsson Keith Aulie 60 1 2 2
2 Phil Oreskovic Keith Aulie 40 1 2 2
Last Minutes Offensive
Center Left Wing Right Wing Defense Defense
Matt Cullen Blake Geoffrion Tim Conboy Oliver Ekman-Larsson Bobby Sanguinetti
Last Minutes Defensive
Center Left Wing Right Wing Defense Defense
Matt Cullen Blake Geoffrion Tim Conboy Oliver Ekman-Larsson Bobby Sanguinetti
Goaltenders
Starting : Corey Crawford
Backup : Antti Raanta
Extra Forwards
Normal : Chris Lawrence, Jeremy Welsh, Anton Gustafsson - PP : Chris Lawrence, Jeremy Welsh - PK : Anton Gustafsson
Extra Defensemen
Normal : Chris Butler, David Schlemko, Jordie Benn - PP : Chris Butler - PK : David Schlemko, Jordie Benn
Penalty Shots
Matt Cullen, Tim Conboy, David Van Der Gulik, Colton Orr, Blake Geoffrion
Little Stars
5 vs 5 Forward
Center Left Wing Right Wing Time % Phy DF OF
1 Marcus Kruger Chris Dingman Matt Halischuk 40 1 2 2
2 Cody Bass Jesse Joensuu Hugh Jessiman 30 1 2 2
3 Corey Trivino Carl Hagelin Ryan Vesce 20 1 2 2
4 Landon Ferraro Alexander Vasyunov Jimmy Hayes 10 1 2 2
5 vs 5 Defense
Defense Defense Time % Phy DF OF
1 Mathieu Roy Clay Wilson 40 1 2 2
2 Raphael Diaz Cameron Schilling 30 1 2 2
3 Jared Spurgeon Ryan Ellis 20 1 2 2
4 Mathieu Roy Clay Wilson 10 1 2 2
PowerPlay Forward
Center Left Wing Right Wing Time % Phy DF OF
1 Marcus Kruger Chris Dingman Ryan Vesce 60 1 2 2
2 Cody Bass Jesse Joensuu Hugh Jessiman 40 1 2 2
PowerPlay Defense
Defense Defense Time % Phy DF OF
1 Mathieu Roy Ryan Ellis 60 1 2 2
2 Raphael Diaz Cameron Schilling 40 1 2 2
Penalty Kill 4 Players Forward
Center Wing Time % Phy DF OF
1 Chris Dingman Ryan Vesce 60 1 2 2
2 Hugh Jessiman Matt Halischuk 40 1 2 2
Penalty Kill 4 Players Defense
Defense Defense Time % Phy DF OF
1 Mathieu Roy Clay Wilson 60 1 2 2
2 Raphael Diaz Cameron Schilling 40 1 2 2
Penalty Kill - 3 Players Forward
Forward Time % Phy DF OF
1 Chris Dingman 60 1 2 2
2 Ryan Vesce 40 1 2 2
Penalty Kill - 3 Players Defense
Defense Defense Time % Phy DF OF
1 Mathieu Roy Clay Wilson 60 1 2 2
2 Raphael Diaz Cameron Schilling 40 1 2 2
4 vs 4 Forward
Center Wing Time % Phy DF OF
1 Chris Dingman Ryan Vesce 60 1 2 2
2 Hugh Jessiman Matt Halischuk 40 1 2 2
4 vs 4 Defense
Defense Defense Time % Phy DF OF
1 Mathieu Roy Clay Wilson 60 1 2 2
2 Raphael Diaz Ryan Ellis 40 1 2 2
Last Minutes Offensive
Center Left Wing Right Wing Defense Defense
Marcus Kruger Chris Dingman Ryan Vesce Mathieu Roy Clay Wilson
Last Minutes Defensive
Center Left Wing Right Wing Defense Defense
Marcus Kruger Chris Dingman Ryan Vesce Mathieu Roy Clay Wilson
Goaltenders
Starting : Erik Ersberg
Backup : Ben Scrivens
Extra Forwards
Normal : Carl Hagelin, Jimmy Hayes, Alexander Vasyunov - PP : Carl Hagelin, Jimmy Hayes - PK : Alexander Vasyunov
Extra Defensemen
Normal : Jared Spurgeon, Ryan Ellis, Matt Pelech - PP : Jared Spurgeon - PK : Ryan Ellis, Matt Pelech
Penalty Shots
Chris Dingman, Ryan Vesce, Hugh Jessiman, Matt Halischuk, Marcus Kruger
% Time on Ice - Carnivores
Lines # - Real PCT - Wanted PCT - Time Play
Normal Forward
1 - 34% - 40% - 16:46
2 - 26% - 30% - 13:06
3 - 26% - 20% - 12:44
4 - 14% - 10% - 7:09
Normal Defense
1 - 41% - 40% - 20:14
2 - 29% - 30% - 14:35
3 - 19% - 20% - 9:15
4 - 11% - 10% - 5:41
PP Forward
1 - 61% - 60% - 2:01
2 - 39% - 40% - 1:17
PP Defense
1 - 70% - 60% - 2:19
2 - 30% - 40% - 0:59
PK Forward
1 - 80% - 60% - 4:55
2 - 20% - 40% - 1:14
PK Defense
1 - 51% - 60% - 3:07
2 - 49% - 40% - 3:02
PK3 Forward
1 - 0% - 60%
2 - 0% - 40%
PK3 Defense
1 - 0% - 60%
2 - 0% - 40%
44 Forward
1 - 76% - 60% - 4:25
2 - 24% - 40% - 1:23
44 Defense
1 - 67% - 60% - 3:54
2 - 33% - 40% - 1:54
Last Minute Offensive - 0:00
Last Minute Defensive - 0:00
Total
Forward - 65:00
Defense - 65:00
|
% Time on Ice - Little Stars
Lines # - Real PCT - Wanted PCT - Time Play
Normal Forward
1 - 34% - 40% - 17:06
2 - 25% - 30% - 12:26
3 - 20% - 20% - 10:01
4 - 21% - 10% - 10:12
Normal Defense
1 - 38% - 40% - 19:01
2 - 31% - 30% - 15:21
3 - 26% - 20% - 12:53
4 - 5% - 10% - 2:30
PP Forward
1 - 51% - 60% - 3:10
2 - 49% - 40% - 2:59
PP Defense
1 - 40% - 60% - 2:28
2 - 60% - 40% - 3:41
PK Forward
1 - 81% - 60% - 2:40
2 - 19% - 40% - 0:38
PK Defense
1 - 65% - 60% - 2:09
2 - 35% - 40% - 1:09
PK3 Forward
1 - 0% - 60%
2 - 0% - 40%
PK3 Defense
1 - 0% - 60%
2 - 0% - 40%
44 Forward
1 - 78% - 60% - 4:30
2 - 22% - 40% - 1:18
44 Defense
1 - 65% - 60% - 3:46
2 - 35% - 40% - 2:02
Last Minute Offensive - 0:00
Last Minute Defensive - 0:00
Total
Forward - 65:00
Defense - 65:00
|
Play by Play
1st period
0:01 of 1st period - Matt Cullen wins face-off versus Marcus Kruger in neutral zone.
0:12 of 1st period - Wrist shot by Matt Halischuk.
0:12 of 1st period - Shot Blocked by Tim Conboy.
0:51 of 1st period - Wrist shot by Ryan Vesce.
0:51 of 1st period - Shot Misses the Net.
0:53 of 1st period - Slapshot by Cameron Schilling.
0:53 of 1st period - Shot Blocked by Phil Oreskovic.
0:55 of 1st period - Slapshot by Raphael Diaz.
0:55 of 1st period - Stopped by Corey Crawford with a rebound.
1:12 of 1st period - Phil Oreskovic is hit by Jimmy Hayes and loses puck.
1:17 of 1st period - Snap shot by Cameron Schilling.
1:17 of 1st period - Stopped by Corey Crawford with a rebound.
1:47 of 1st period - Evgeny Grachev is hit by Ryan Ellis.
2:55 of 1st period - Slapshot by Chris Dingman.
2:55 of 1st period - Shot Misses the Net.
3:05 of 1st period - Minor Penalty to Lane MacDermid for Hooking.
3:06 of 1st period - Chris Dingman wins face-off versus Matt Cullen in Carnivores zone.
3:13 of 1st period - Snap shot by Chris Dingman.
3:13 of 1st period - Shot Blocked by Oliver Ekman-Larsson.
3:32 of 1st period - Icing by Cody Bass.
3:33 of 1st period - Cody Bass wins face-off versus Matt Cullen in Little Stars zone.
3:59 of 1st period - Slapshot by Raphael Diaz.
3:59 of 1st period - Shot Misses the Net.
4:05 of 1st period - Snap shot by Hugh Jessiman.
4:05 of 1st period - Goal by Hugh Jessiman - Carnivores : 0 - Little Stars : 1.
4:06 of 1st period - Marcus Kruger wins face-off versus Blake Geoffrion in neutral zone.
4:09 of 1st period - Slapshot by Marcus Kruger.
4:09 of 1st period - Shot Misses the Net.
4:54 of 1st period - David Schlemko is hit by Cameron Schilling and loses puck.
5:24 of 1st period - Tim Conboy is hit by Landon Ferraro and loses puck.
5:39 of 1st period - Lane MacDermid is hit by Matt Halischuk and loses puck.
5:48 of 1st period - Slapshot by Marcus Kruger.
5:48 of 1st period - Stopped by Corey Crawford with a rebound.
5:50 of 1st period - Slapshot by Mathieu Roy.
5:50 of 1st period - Stopped by Corey Crawford with a rebound.
6:07 of 1st period - Snap shot by Chris Lawrence.
6:07 of 1st period - Shot Blocked by Cody Bass.
6:11 of 1st period - Wrist shot by Chris Lawrence.
6:11 of 1st period - Shot Misses the Net.
6:25 of 1st period - Wrist shot by Chris Lawrence.
6:25 of 1st period - Shot Misses the Net.
7:16 of 1st period - Off-side.
7:17 of 1st period - Marcus Kruger wins face-off versus Matt Cullen in neutral zone.
8:54 of 1st period - Wrist shot by Carl Hagelin.
8:54 of 1st period - Stopped by Corey Crawford without a rebound.
8:55 of 1st period - Evgeny Grachev wins face-off versus Corey Trivino in Carnivores zone.
9:04 of 1st period - Wrist shot by Keith Aulie.
9:04 of 1st period - Stopped by Erik Ersberg without a rebound.
9:05 of 1st period - Corey Trivino wins face-off versus Evgeny Grachev in Little Stars zone.
9:05 of 1st period - Corey Trivino is hit by David Van Der Gulik.
9:27 of 1st period - Wrist shot by Carl Hagelin.
9:27 of 1st period - Stopped by Corey Crawford without a rebound.
9:28 of 1st period - Matt Cullen wins face-off versus Jesse Joensuu in Carnivores zone.
9:35 of 1st period - Cameron Schilling is hit by Phil Oreskovic and loses puck.
9:55 of 1st period - Bobby Sanguinetti is hit by Raphael Diaz and loses puck.
10:15 of 1st period - Off-side.
10:16 of 1st period - Corey Trivino wins face-off versus Evgeny Grachev in neutral zone.
10:51 of 1st period - Wrist shot by Blake Geoffrion.
10:51 of 1st period - Shot Misses the Net.
11:39 of 1st period - Icing by Mathieu Roy.
11:40 of 1st period - Evgeny Grachev wins face-off versus Corey Trivino in Little Stars zone.
11:47 of 1st period - Wrist shot by Ryan Vesce.
11:47 of 1st period - Shot Misses the Net.
11:49 of 1st period - Snap shot by Clay Wilson.
11:49 of 1st period - Deflect By Phil Oreskovic.
11:49 of 1st period - Stopped by Corey Crawford with a rebound.
11:51 of 1st period - Slapshot by Mathieu Roy.
11:51 of 1st period - Deflect By Ryan Vesce.
11:51 of 1st period - Shot Blocked by Bobby Sanguinetti.
11:51 of 1st period - Puck is out of play.
11:52 of 1st period - Matt Cullen wins face-off versus Marcus Kruger in Carnivores zone.
12:05 of 1st period - Phil Oreskovic is hit by Matt Halischuk and loses puck.
12:18 of 1st period - Cameron Schilling is hit by Billy Sweat and loses puck.
13:27 of 1st period - Slapshot by Matt Halischuk.
13:27 of 1st period - Stopped by Corey Crawford with a rebound.
13:39 of 1st period - Cody Bass is hit by Evgeny Grachev and loses puck.
13:44 of 1st period - Wrist shot by Evgeny Grachev.
13:44 of 1st period - Shot Misses the Net.
13:46 of 1st period - Snap shot by Bobby Sanguinetti.
13:46 of 1st period - Shot Hit the Post.
13:48 of 1st period - Slapshot by Bobby Sanguinetti.
13:48 of 1st period - Deflect By Evgeny Grachev.
13:48 of 1st period - Goal by Evgeny Grachev - Carnivores : 1 - Little Stars : 1.
13:49 of 1st period - Matt Cullen wins face-off versus Marcus Kruger in neutral zone.
13:54 of 1st period - Snap shot by Blake Geoffrion.
13:54 of 1st period - Stopped by Erik Ersberg without a rebound.
13:55 of 1st period - Matt Cullen wins face-off versus Marcus Kruger in Little Stars zone.
14:03 of 1st period - Icing by Mathieu Roy.
14:04 of 1st period - Marcus Kruger wins face-off versus Matt Cullen in Little Stars zone.
14:30 of 1st period - Mathieu Roy is hit by Keith Aulie and loses puck.
14:43 of 1st period - Wrist shot by Chris Dingman.
14:43 of 1st period - Stopped by Corey Crawford without a rebound.
14:44 of 1st period - Cody Bass wins face-off versus Matt Cullen in Carnivores zone.
15:18 of 1st period - Slapshot by Clay Wilson.
15:18 of 1st period - Stopped by Corey Crawford with a rebound.
15:30 of 1st period - Snap shot by Colton Orr.
15:30 of 1st period - Shot Blocked by Mathieu Roy.
15:32 of 1st period - Slapshot by Chris Butler.
15:32 of 1st period - Shot Blocked by Mathieu Roy.
15:34 of 1st period - Snap shot by Patrick McNeill.
15:34 of 1st period - Deflect By Mathieu Roy.
15:34 of 1st period - Stopped by Erik Ersberg without a rebound.
15:35 of 1st period - Anton Gustafsson wins face-off versus Cody Bass in Little Stars zone.
15:39 of 1st period - Icing by Cameron Schilling.
15:40 of 1st period - Matt Cullen wins face-off versus Cody Bass in Little Stars zone.
15:47 of 1st period - Wrist shot by Matt Cullen.
15:47 of 1st period - Shot Misses the Net.
15:49 of 1st period - Backhand shot by Keith Aulie.
15:49 of 1st period - Shot Blocked by Cameron Schilling.
15:51 of 1st period - Wrist shot by Keith Aulie.
15:51 of 1st period - Stopped by Erik Ersberg with a rebound.
15:53 of 1st period - Slapshot by Keith Aulie.
15:53 of 1st period - Stopped by Erik Ersberg with a rebound.
15:55 of 1st period - Slapshot by Keith Aulie.
15:55 of 1st period - Stopped by Erik Ersberg with a rebound.
16:05 of 1st period - Slapshot by Cody Bass.
16:05 of 1st period - Stopped by Corey Crawford without a rebound.
16:06 of 1st period - Marcus Kruger wins face-off versus Evgeny Grachev in Carnivores zone.
16:19 of 1st period - Snap shot by Chris Dingman.
16:19 of 1st period - Shot Misses the Net.
16:21 of 1st period - Wrist shot by Mathieu Roy.
16:21 of 1st period - Shot Hit the Post.
16:33 of 1st period - Cody Bass is hit by Tim Conboy and loses puck.
17:20 of 1st period - Slapshot by David Van Der Gulik.
17:20 of 1st period - Stopped by Erik Ersberg without a rebound.
17:21 of 1st period - Evgeny Grachev wins face-off versus Marcus Kruger in Little Stars zone.
18:13 of 1st period - Ryan Vesce is hit by Anton Gustafsson and loses puck.
18:32 of 1st period - Wrist shot by Evgeny Grachev.
18:32 of 1st period - Shot Hit the Post.
18:34 of 1st period - Snap shot by Keith Aulie.
18:34 of 1st period - Stopped by Erik Ersberg without a rebound.
18:35 of 1st period - Marcus Kruger wins face-off versus Matt Cullen in Little Stars zone.
18:41 of 1st period - Off-side.
18:42 of 1st period - Matt Cullen wins face-off versus Marcus Kruger in neutral zone.
18:57 of 1st period - Slapshot by Matt Halischuk.
18:57 of 1st period - Shot Blocked by Tim Conboy.
Goals for this period are 1 for Carnivores vs 1 for Little Stars.
Shots for this period are 9 for Carnivores vs 12 for Little Stars.
2nd period
0:01 of 2nd period - Matt Cullen wins face-off versus Marcus Kruger in neutral zone.
0:35 of 2nd period - Snap shot by Matt Halischuk.
0:35 of 2nd period - Stopped by Corey Crawford with a rebound.
2:39 of 2nd period - Wrist shot by Matt Cullen.
2:39 of 2nd period - Stopped by Erik Ersberg without a rebound.
2:40 of 2nd period - Billy Sweat wins face-off versus Cody Bass in Little Stars zone.
3:15 of 2nd period - Matt Cullen is hit by Chris Dingman.
3:27 of 2nd period - Slapshot by Tim Conboy.
3:27 of 2nd period - Stopped by Erik Ersberg without a rebound.
3:28 of 2nd period - Jeremy Welsh wins face-off versus Corey Trivino in Little Stars zone.
3:39 of 2nd period - Snap shot by Anton Gustafsson.
3:39 of 2nd period - Shot Misses the Net.
3:43 of 2nd period - Snap shot by Jeremy Welsh.
3:43 of 2nd period - Stopped by Erik Ersberg with a rebound.
3:53 of 2nd period - Phil Oreskovic is hit by Chris Dingman and loses puck.
4:00 of 2nd period - Slapshot by Raphael Diaz.
4:00 of 2nd period - Shot Blocked by Tim Conboy.
4:02 of 2nd period - Slapshot by Raphael Diaz.
4:02 of 2nd period - Shot Misses the Net.
4:52 of 2nd period - Snap shot by David Van Der Gulik.
4:52 of 2nd period - Shot Misses the Net.
4:54 of 2nd period - Wrist shot by Billy Sweat.
4:54 of 2nd period - Stopped by Erik Ersberg without a rebound.
4:55 of 2nd period - Marcus Kruger wins face-off versus Matt Cullen in Little Stars zone.
5:20 of 2nd period - Slapshot by Raphael Diaz.
5:20 of 2nd period - Deflect By Alexander Vasyunov.
5:20 of 2nd period - Stopped by Corey Crawford with a rebound.
5:28 of 2nd period - Wrist shot by Jimmy Hayes.
5:28 of 2nd period - Deflect By Landon Ferraro.
5:28 of 2nd period - Stopped by Corey Crawford with a rebound.
5:30 of 2nd period - Slapshot by Alexander Vasyunov.
5:30 of 2nd period - Stopped by Corey Crawford with a rebound.
5:32 of 2nd period - Wrist shot by Landon Ferraro.
5:32 of 2nd period - Stopped by Corey Crawford with a rebound.
5:42 of 2nd period - Snap shot by Colton Orr.
5:42 of 2nd period - Stopped by Erik Ersberg with a rebound.
5:44 of 2nd period - Slapshot by Keith Aulie.
5:44 of 2nd period - Stopped by Erik Ersberg with a rebound.
5:46 of 2nd period - Slapshot by Keith Aulie.
5:46 of 2nd period - Stopped by Erik Ersberg with a rebound.
6:06 of 2nd period - Slapshot by Raphael Diaz.
6:06 of 2nd period - Stopped by Corey Crawford with a rebound.
6:12 of 2nd period - Patrick McNeill is hit by Ryan Vesce and loses puck.
6:29 of 2nd period - Snap shot by David Van Der Gulik.
6:29 of 2nd period - Shot Misses the Net.
6:31 of 2nd period - Slapshot by Billy Sweat.
6:31 of 2nd period - Shot Blocked by Mathieu Roy.
6:33 of 2nd period - Snap shot by Billy Sweat.
6:33 of 2nd period - Goal by Billy Sweat - Carnivores : 2 - Little Stars : 1.
6:34 of 2nd period - Marcus Kruger wins face-off versus Matt Cullen in neutral zone.
6:43 of 2nd period - Matt Cullen is hit by Mathieu Roy and loses puck.
6:54 of 2nd period - Marcus Kruger is hit by Blake Geoffrion.
7:16 of 2nd period - Wrist shot by Chris Dingman.
7:16 of 2nd period - Shot Misses the Net.
7:18 of 2nd period - Slapshot by Mathieu Roy.
7:18 of 2nd period - Stopped by Corey Crawford without a rebound.
7:19 of 2nd period - Cody Bass wins face-off versus Evgeny Grachev in Carnivores zone.
7:32 of 2nd period - Wrist shot by Hugh Jessiman.
7:32 of 2nd period - Deflect By Evgeny Grachev.
7:32 of 2nd period - Shot Misses the Net.
7:32 of 2nd period - Puck is out of play.
7:33 of 2nd period - Matt Cullen wins face-off versus Hugh Jessiman in Carnivores zone.
7:54 of 2nd period - Minor Penalty to Keith Aulie for Tripping.
7:55 of 2nd period - Matt Cullen wins face-off versus Marcus Kruger in Carnivores zone.
8:26 of 2nd period - Snap shot by Jesse Joensuu.
8:26 of 2nd period - Deflect By Cody Bass.
8:26 of 2nd period - Shot Misses the Net.
8:26 of 2nd period - Puck is out of play.
8:27 of 2nd period - Marcus Kruger wins face-off versus Matt Cullen in Carnivores zone.
8:38 of 2nd period - Slapshot by Chris Dingman.
8:38 of 2nd period - Shot Blocked by David Schlemko.
9:54 of 2nd period - Penalty to Keith Aulie is over, Keith Aulie is back on ice.
10:02 of 2nd period - Oliver Ekman-Larsson is hit by Jimmy Hayes and loses puck.
10:07 of 2nd period - Wrist shot by Clay Wilson.
10:07 of 2nd period - Shot Blocked by Chris Lawrence.
10:27 of 2nd period - Snap shot by Anton Gustafsson.
10:27 of 2nd period - Shot Misses the Net.
10:35 of 2nd period - Snap shot by Alexander Vasyunov.
10:35 of 2nd period - Deflect By Jimmy Hayes.
10:35 of 2nd period - Shot Blocked by Anton Gustafsson.
10:35 of 2nd period - Puck is out of play.
10:36 of 2nd period - Marcus Kruger wins face-off versus Evgeny Grachev in Carnivores zone.
10:45 of 2nd period - Wrist shot by Matt Halischuk.
10:45 of 2nd period - Shot Blocked by Chris Butler.
11:18 of 2nd period - Snap shot by Tim Conboy.
11:18 of 2nd period - Stopped by Erik Ersberg with a rebound.
11:24 of 2nd period - Jeremy Welsh is hit by Jesse Joensuu and loses puck.
11:53 of 2nd period - Snap shot by Chris Lawrence.
11:53 of 2nd period - Stopped by Erik Ersberg with a rebound.
11:55 of 2nd period - Wrist shot by Billy Sweat.
11:55 of 2nd period - Stopped by Erik Ersberg without a rebound.
11:56 of 2nd period - Evgeny Grachev wins face-off versus Landon Ferraro in Little Stars zone.
11:57 of 2nd period - Slapshot by David Van Der Gulik.
11:57 of 2nd period - Stopped by Erik Ersberg without a rebound.
11:58 of 2nd period - Marcus Kruger wins face-off versus Evgeny Grachev in Little Stars zone.
12:08 of 2nd period - Off-side.
12:09 of 2nd period - Matt Cullen wins face-off versus Matt Halischuk in neutral zone.
12:33 of 2nd period - Icing by Keith Aulie.
12:34 of 2nd period - Matt Cullen wins face-off versus Cody Bass in Carnivores zone.
12:34 of 2nd period - Matt Cullen is hit by Jesse Joensuu.
12:48 of 2nd period - Snap shot by Cody Bass.
12:48 of 2nd period - Stopped by Corey Crawford without a rebound.
12:49 of 2nd period - Marcus Kruger wins face-off versus Matt Cullen in Carnivores zone.
12:54 of 2nd period - Snap shot by Marcus Kruger.
12:54 of 2nd period - Stopped by Corey Crawford with a rebound.
12:56 of 2nd period - Wrist shot by Chris Dingman.
12:56 of 2nd period - Shot Blocked by Phil Oreskovic.
12:58 of 2nd period - Snap shot by Marcus Kruger.
12:58 of 2nd period - Deflect By Chris Dingman.
12:58 of 2nd period - Shot Hit the Post.
12:58 of 2nd period - Puck is out of play.
12:59 of 2nd period - Matt Cullen wins face-off versus Marcus Kruger in Carnivores zone.
13:14 of 2nd period - Wrist shot by Marcus Kruger.
13:14 of 2nd period - Stopped by Corey Crawford with a rebound.
13:38 of 2nd period - Phil Oreskovic is hit by Matt Halischuk and loses puck.
13:47 of 2nd period - Slapshot by Matt Halischuk.
13:47 of 2nd period - Stopped by Corey Crawford with a rebound.
13:49 of 2nd period - Wrist shot by Matt Halischuk.
13:49 of 2nd period - Shot Misses the Net.
13:51 of 2nd period - Wrist shot by Matt Halischuk.
13:51 of 2nd period - Shot Misses the Net.
13:53 of 2nd period - Wrist shot by Marcus Kruger.
13:53 of 2nd period - Shot Blocked by Tim Conboy.
13:55 of 2nd period - Slapshot by Clay Wilson.
13:55 of 2nd period - Shot Misses the Net.
14:05 of 2nd period - Wrist shot by Chris Dingman.
14:05 of 2nd period - Shot Blocked by Bobby Sanguinetti.
14:07 of 2nd period - Slapshot by Chris Dingman.
14:07 of 2nd period - Shot Misses the Net.
14:39 of 2nd period - Snap shot by Matt Halischuk.
14:39 of 2nd period - Goal by Matt Halischuk - Carnivores : 2 - Little Stars : 2.
14:40 of 2nd period - Cody Bass wins face-off versus Evgeny Grachev in neutral zone.
14:47 of 2nd period - Slapshot by Raphael Diaz.
14:47 of 2nd period - Shot Blocked by Billy Sweat.
14:49 of 2nd period - Slapshot by Jesse Joensuu.
14:49 of 2nd period - Shot Misses the Net.
14:51 of 2nd period - Slapshot by Cameron Schilling.
14:51 of 2nd period - Shot Blocked by Keith Aulie.
14:53 of 2nd period - Wrist shot by Hugh Jessiman.
14:53 of 2nd period - Goal by Hugh Jessiman - Carnivores : 2 - Little Stars : 3.
14:54 of 2nd period - Jesse Joensuu wins face-off versus Billy Sweat in neutral zone.
15:19 of 2nd period - Carl Hagelin is hit by Keith Aulie and loses puck.
16:14 of 2nd period - Snap shot by Matt Cullen.
16:14 of 2nd period - Shot Blocked by Chris Dingman.
16:16 of 2nd period - Wrist shot by Matt Cullen.
16:16 of 2nd period - Shot Blocked by Matt Halischuk.
16:30 of 2nd period - Slapshot by Clay Wilson.
16:30 of 2nd period - Shot Hit the Post.
17:11 of 2nd period - Slapshot by Raphael Diaz.
17:11 of 2nd period - Shot Misses the Net.
17:43 of 2nd period - Snap shot by Anton Gustafsson.
17:43 of 2nd period - Goal by Anton Gustafsson - Carnivores : 3 - Little Stars : 3.
17:44 of 2nd period - Marcus Kruger wins face-off versus Matt Cullen in neutral zone.
17:50 of 2nd period - Minor Penalty to Raphael Diaz for High sticking.
17:51 of 2nd period - Matt Cullen wins face-off versus Chris Dingman in Little Stars zone.
17:52 of 2nd period - Snap shot by Blake Geoffrion.
17:52 of 2nd period - Shot Blocked by Clay Wilson.
17:58 of 2nd period - Slapshot by Tim Conboy.
17:58 of 2nd period - Goal by Tim Conboy - Carnivores : 4 - Little Stars : 3.
17:59 of 2nd period - Matt Cullen wins face-off versus Cody Bass in neutral zone.
18:15 of 2nd period - Snap shot by Hugh Jessiman.
18:15 of 2nd period - Stopped by Corey Crawford with a rebound.
18:33 of 2nd period - Slapshot by Keith Aulie.
18:33 of 2nd period - Deflect By Mathieu Roy.
18:33 of 2nd period - Stopped by Erik Ersberg with a rebound.
18:43 of 2nd period - Minor Penalty to Chris Dingman for Hooking.
18:44 of 2nd period - Matt Cullen wins face-off versus Ryan Vesce in Little Stars zone.
19:17 of 2nd period - Ryan Vesce is hit by David Van Der Gulik and loses puck.
19:31 of 2nd period - Off-side.
19:32 of 2nd period - Landon Ferraro wins face-off versus Blake Geoffrion in neutral zone.
19:50 of 2nd period - Icing by David Van Der Gulik.
19:51 of 2nd period - Alexander Vasyunov wins face-off versus Matt Cullen in Carnivores zone.
19:52 of 2nd period - Wrist shot by Raphael Diaz.
19:52 of 2nd period - Shot Blocked by Phil Oreskovic.
19:54 of 2nd period - Minor Penalty to Matt Cullen for Hooking.
19:55 of 2nd period - Tim Conboy wins face-off versus Carl Hagelin in Carnivores zone.
Goals for this period are 3 for Carnivores vs 2 for Little Stars.
Shots for this period are 15 for Carnivores vs 14 for Little Stars.
3rd period
0:01 of 3rd period - Chris Lawrence wins face-off versus Carl Hagelin in neutral zone.
0:14 of 3rd period - Wrist shot by Carl Hagelin.
0:14 of 3rd period - Stopped by Corey Crawford without a rebound.
0:15 of 3rd period - Carl Hagelin wins face-off versus Chris Lawrence in Carnivores zone.
0:40 of 3rd period - Oliver Ekman-Larsson is hit by Jimmy Hayes and loses puck.
0:43 of 3rd period - Penalty to Chris Dingman is over, Chris Dingman is back on ice.
1:54 of 3rd period - Penalty to Matt Cullen is over, Matt Cullen is back on ice.
3:39 of 3rd period - Minor Penalty to Evgeny Grachev for Holding.
3:40 of 3rd period - Marcus Kruger wins face-off versus Matt Cullen in Carnivores zone.
3:45 of 3rd period - Slapshot by Raphael Diaz.
3:45 of 3rd period - Stopped by Corey Crawford without a rebound.
3:46 of 3rd period - Marcus Kruger wins face-off versus Matt Cullen in Carnivores zone.
5:39 of 3rd period - Penalty to Evgeny Grachev is over, Evgeny Grachev is back on ice.
6:18 of 3rd period - Icing by Raphael Diaz.
6:19 of 3rd period - Anton Lander wins face-off versus Carl Hagelin in Little Stars zone.
6:24 of 3rd period - Slapshot by Bobby Sanguinetti.
6:24 of 3rd period - Stopped by Erik Ersberg without a rebound.
6:25 of 3rd period - Anton Lander wins face-off versus Cody Bass in Little Stars zone.
6:35 of 3rd period - Snap shot by Chris Lawrence.
6:35 of 3rd period - Stopped by Erik Ersberg with a rebound.
6:37 of 3rd period - Wrist shot by Phil Oreskovic.
6:37 of 3rd period - Stopped by Erik Ersberg without a rebound.
6:38 of 3rd period - Cody Bass wins face-off versus Matt Cullen in Little Stars zone.
6:40 of 3rd period - Minor Penalty to Jesse Joensuu for High sticking.
6:41 of 3rd period - Chris Dingman wins face-off versus Matt Cullen in Little Stars zone.
6:47 of 3rd period - Bobby Sanguinetti is hit by Ryan Vesce and loses puck.
8:33 of 3rd period - Mathieu Roy is hit by Colton Orr.
8:40 of 3rd period - Penalty to Jesse Joensuu is over, Jesse Joensuu is back on ice.
8:49 of 3rd period - Slapshot by Clay Wilson.
8:49 of 3rd period - Stopped by Corey Crawford with a rebound.
8:59 of 3rd period - Slapshot by Mathieu Roy.
8:59 of 3rd period - Stopped by Corey Crawford with a rebound.
9:37 of 3rd period - Snap shot by Landon Ferraro.
9:37 of 3rd period - Shot Misses the Net.
10:02 of 3rd period - David Van Der Gulik is hit by Corey Trivino and loses puck.
10:13 of 3rd period - Wrist shot by Chris Dingman.
10:13 of 3rd period - Stopped by Corey Crawford without a rebound.
10:14 of 3rd period - Anton Gustafsson wins face-off versus Jimmy Hayes in Carnivores zone.
10:25 of 3rd period - Snap shot by Colton Orr.
10:25 of 3rd period - Stopped by Erik Ersberg without a rebound.
10:26 of 3rd period - Corey Trivino wins face-off versus Matt Cullen in Little Stars zone.
11:16 of 3rd period - Slapshot by Keith Aulie.
11:16 of 3rd period - Shot Blocked by Jared Spurgeon.
11:18 of 3rd period - Snap shot by Jeremy Welsh.
11:18 of 3rd period - Stopped by Erik Ersberg without a rebound.
11:19 of 3rd period - Matt Cullen wins face-off versus Cody Bass in Little Stars zone.
11:20 of 3rd period - Snap shot by Blake Geoffrion.
11:20 of 3rd period - Shot Misses the Net.
11:22 of 3rd period - Slapshot by Bobby Sanguinetti.
11:22 of 3rd period - Stopped by Erik Ersberg with a rebound.
11:24 of 3rd period - Slapshot by Matt Cullen.
11:24 of 3rd period - Stopped by Erik Ersberg with a rebound.
11:26 of 3rd period - Wrist shot by Matt Cullen.
11:26 of 3rd period - Deflect By Tim Conboy.
11:26 of 3rd period - Shot Blocked by Jesse Joensuu.
11:26 of 3rd period - Puck is out of play.
11:27 of 3rd period - Matt Cullen wins face-off versus Cody Bass in Little Stars zone.
11:28 of 3rd period - Snap shot by Tim Conboy.
11:28 of 3rd period - Stopped by Erik Ersberg with a rebound.
11:30 of 3rd period - Slapshot by Phil Oreskovic.
11:30 of 3rd period - Stopped by Erik Ersberg without a rebound.
11:31 of 3rd period - Marcus Kruger wins face-off versus Matt Cullen in Little Stars zone.
11:46 of 3rd period - Snap shot by Chris Dingman.
11:46 of 3rd period - Shot Blocked by Oliver Ekman-Larsson.
12:05 of 3rd period - Wrist shot by Ryan Vesce.
12:05 of 3rd period - Stopped by Corey Crawford with a rebound.
12:07 of 3rd period - Wrist shot by Ryan Vesce.
12:07 of 3rd period - Goal by Ryan Vesce - Carnivores : 4 - Little Stars : 4.
12:08 of 3rd period - Evgeny Grachev wins face-off versus Marcus Kruger in neutral zone.
12:11 of 3rd period - Mathieu Roy is hit by Billy Sweat and loses puck.
12:34 of 3rd period - Clay Wilson is hit by Oliver Ekman-Larsson and loses puck.
13:06 of 3rd period - Slapshot by Bobby Sanguinetti.
13:06 of 3rd period - Shot Blocked by Landon Ferraro.
13:30 of 3rd period - Snap shot by Jimmy Hayes.
13:30 of 3rd period - Goal by Jimmy Hayes - Carnivores : 4 - Little Stars : 5.
13:31 of 3rd period - Matt Cullen wins face-off versus Marcus Kruger in neutral zone.
13:46 of 3rd period - Wrist shot by Chris Dingman.
13:46 of 3rd period - Shot Blocked by Keith Aulie.
14:00 of 3rd period - Ryan Ellis is hit by Keith Aulie.
14:28 of 3rd period - Snap shot by David Van Der Gulik.
14:28 of 3rd period - Goal by David Van Der Gulik - Carnivores : 5 - Little Stars : 5.
14:29 of 3rd period - Marcus Kruger wins face-off versus Evgeny Grachev in neutral zone.
14:31 of 3rd period - Off-side.
14:32 of 3rd period - Marcus Kruger wins face-off versus Evgeny Grachev in neutral zone.
15:27 of 3rd period - Slapshot by Raphael Diaz.
15:27 of 3rd period - Shot Misses the Net.
15:29 of 3rd period - Slapshot by Raphael Diaz.
15:29 of 3rd period - Deflect By Alexander Vasyunov.
15:29 of 3rd period - Shot Misses the Net.
15:29 of 3rd period - Puck is out of play.
15:30 of 3rd period - Anton Gustafsson wins face-off versus Corey Trivino in Carnivores zone.
15:57 of 3rd period - Wrist shot by Chris Dingman.
15:57 of 3rd period - Stopped by Corey Crawford with a rebound.
16:14 of 3rd period - Icing by Clay Wilson.
16:15 of 3rd period - Marcus Kruger wins face-off versus Anton Lander in Little Stars zone.
16:22 of 3rd period - Ryan Vesce is hit by Chris Butler and loses puck.
16:46 of 3rd period - Jesse Joensuu is hit by Anton Gustafsson and loses puck.
17:25 of 3rd period - Slapshot by Bobby Sanguinetti.
17:25 of 3rd period - Stopped by Erik Ersberg without a rebound.
17:26 of 3rd period - Landon Ferraro wins face-off versus Anton Gustafsson in Little Stars zone.
17:26 of 3rd period - Landon Ferraro is hit by Anton Gustafsson.
17:46 of 3rd period - Anton Gustafsson is hit by Jimmy Hayes.
18:16 of 3rd period - Wrist shot by Anton Gustafsson.
18:16 of 3rd period - Shot Blocked by Ryan Ellis.
19:02 of 3rd period - Jeremy Welsh is hit by Landon Ferraro and loses puck.
19:37 of 3rd period - Slapshot by Colton Orr.
19:37 of 3rd period - Shot Misses the Net.
19:41 of 3rd period - Wrist shot by Anton Gustafsson.
19:41 of 3rd period - Stopped by Erik Ersberg with a rebound.
19:43 of 3rd period - Slapshot by Oliver Ekman-Larsson.
19:43 of 3rd period - Shot Misses the Net.
19:45 of 3rd period - Snap shot by Anton Gustafsson.
19:45 of 3rd period - Shot Misses the Net.
Goals for this period are 1 for Carnivores vs 2 for Little Stars.
Shots for this period are 12 for Carnivores vs 9 for Little Stars.
Overtime #1
0:01 of 1st overtime period - Matt Cullen wins face-off versus Chris Dingman in neutral zone.
0:19 of 1st overtime period - Icing by Chris Dingman.
0:20 of 1st overtime period - Matt Cullen wins face-off versus Chris Dingman in Little Stars zone.
0:56 of 1st overtime period - Wrist shot by Hugh Jessiman.
0:56 of 1st overtime period - Stopped by Corey Crawford with a rebound.
0:58 of 1st overtime period - Slapshot by Clay Wilson.
0:58 of 1st overtime period - Shot Blocked by Colton Orr.
1:00 of 1st overtime period - Slapshot by Mathieu Roy.
1:00 of 1st overtime period - Deflect By Matt Halischuk.
1:00 of 1st overtime period - Shot Blocked by Oliver Ekman-Larsson.
1:00 of 1st overtime period - Puck is out of play.
1:01 of 1st overtime period - Chris Dingman wins face-off versus Matt Cullen in Carnivores zone.
2:12 of 1st overtime period - Snap shot by Chris Lawrence.
2:12 of 1st overtime period - Shot Blocked by Clay Wilson.
2:27 of 1st overtime period - Icing by Clay Wilson.
2:28 of 1st overtime period - Alexander Vasyunov wins face-off versus Chris Lawrence in Little Stars zone.
2:38 of 1st overtime period - Jesse Joensuu is hit by Jeremy Welsh and loses puck.
3:13 of 1st overtime period - Raphael Diaz is hit by Keith Aulie and loses puck.
4:02 of 1st overtime period - Oliver Ekman-Larsson is hit by Raphael Diaz and loses puck.
4:32 of 1st overtime period - Clay Wilson is hit by Anton Gustafsson and loses puck.
4:49 of 1st overtime period - Mathieu Roy is hit by David Van Der Gulik and loses puck.
Goals for this period are 0 for Carnivores vs 0 for Little Stars.
Shots for this period are 0 for Carnivores vs 1 for Little Stars.
ShootOut
5:00 of 1st overtime period - Penalty Shot by Matt Cullen for Carnivores.
5:00 of 1st overtime period - Snap shot by Matt Cullen.
5:00 of 1st overtime period - Shot Misses the Net.
5:00 of 1st overtime period - Penalty Shot by Chris Dingman for Little Stars.
5:00 of 1st overtime period - Backhand shot by Chris Dingman.
5:00 of 1st overtime period - Goal by Chris Dingman.
5:00 of 1st overtime period - Penalty Shot by Tim Conboy for Carnivores.
5:00 of 1st overtime period - Backhand shot by Tim Conboy.
5:00 of 1st overtime period - Stopped by Erik Ersberg.
5:00 of 1st overtime period - Penalty Shot by Ryan Vesce for Little Stars.
5:00 of 1st overtime period - Deke by Ryan Vesce.
5:00 of 1st overtime period - Goal by Ryan Vesce.
Output by the SimonT Hockey Simulator (STHS) for François Prévost -- Original Page W3C XHTML 1.0 Valid